 Dungeon Crawl Stone Soup version 0.30-a0-166-g5d06c95188 (webtiles) character file.

Game seed: 10206362410386092582

26953 Malachi the Fighter (level 13, -3/103 (107) HPs)
             Began as a Gnoll Wanderer on Sept 29, 2022.
             Was a Priest of Cheibriados.
             Slain by NoOffense's ghost (14 damage)
             ... on level 2 of the Lair of Beasts.
             The game lasted 00:20:56 (10828 turns).

Malachi the Fighter (Gnoll Wanderer)               Turns: 10828, Time: 00:20:57

HP:   -3/103 (107)  AC: 14    Str: 21 (22) XL:     13   Next: 29%
MP:   25/25         EV: 13    Int: 13 (15) God:    Cheibriados [***...]
Gold: 457           SH:  0    Dex: 23 (24) Spells: 26/28 levels left

rFire   + . .      SeeInvis .    v - +6 shillelagh "Devastator" {shatter}
rCold   . . .      Faith    .    (no shield)
rNeg    . . .      Spirit   .    R - +1 chain mail of Tiotyn {+Blink rElec Regen+}
rPois   +          Reflect  .    (no helmet)
rElec   +          Harm     .    J - scarf {repulsion}
rCorr   .          Rampage  .    L - +0 pair of gloves {Stlth+}
Will    .....                    E - +0 pair of boots
Stlth   +.........               g - amulet of regeneration
HPRegen 1.87/turn                f - ring of protection from fire
MPRegen 0.19/turn                C - ring of poison resistance

@: lightly drained, repel missiles, very slow
A: fangs 1, strong nose, distributed training
a: Renounce Religion, Evoke Blink, Bend Time, Temporal Distortion


You were on level 2 of the Lair of Beasts.
You worshipped Cheibriados.
Cheibriados was most pleased with you.
You visited 3 branches of the dungeon, and saw 13 of its levels.

You collected 789 gold pieces.
You spent 332 gold pieces at shops.

Inventory:

Hand Weapons
 a - a +1 short sword
 k - a +1 sling
 v - the +6 shillelagh "Devastator" (weapon) {shatter}
   (You found it on level 4 of the Dungeon)

   It releases a powerful concussive burst when it strikes, dealing extra damage
   to the target and all other foes adjacent to them.
 O - a +2 broad axe of distortion
 P - a +0 arbalest
Missiles
 p - 21 poisoned darts
 w - a throwing net
Armour
 j - a +3 leather armour of cold resistance
 D - the +3 leather armour of Theory {rPois}
   (You found it on level 7 of the Dungeon)

   rPois:     It protects you from poison.
 E - a +0 pair of boots (worn)
 J - a scarf of repulsion (worn)
 L - a +0 pair of gloves of stealth (worn)
 R - the +1 chain mail of Tiotyn (worn) {+Blink rElec Regen+}
   (You found it on level 2 of the Lair of Beasts)

   rElec:     It insulates you from electricity.
   +Blink:    It lets you blink.
   Regen:     It increases your rate of health regeneration.
Jewellery
 f - a ring of protection from fire (left hand)
 g - an amulet of regeneration (around neck)
 o - a ring of wizardry
 x - a ring of protection from fire
 y - a +6 ring of intelligence
 C - a ring of poison resistance (right hand)
 M - an amulet of reflection
 S - a +4 ring of evasion
Wands
 i - a wand of flame (96)
 A - a wand of paralysis (13)
 I - a wand of roots (11)
 N - a wand of quicksilver (3)
 X - a wand of digging (8)
Scrolls
 b - 3 scrolls of blinking
 d - 4 scrolls of fear
 m - 5 scrolls of immolation
 q - a scroll of enchant armour
 s - 2 scrolls of summoning
 u - a scroll of amnesia
 G - a scroll of vulnerability
 Q - a scroll of teleportation
 T - a scroll of poison
Potions
 c - a potion of might
 e - 2 potions of berserk rage
 h - a potion of resistance
 l - 5 potions of lignification
 n - 4 potions of flight
 r - 9 potions of curing
 t - 6 potions of heal wounds
 z - 2 potions of attraction
 F - a potion of brilliance
 H - a potion of mutation
 U - 2 potions of invisibility
Miscellaneous
 K - a condenser vane


   Skills:
 + Level 11.8 Fighting
 + Level 9.6 Short Blades
 + Level 8.3 Long Blades
 + Level 8.3 Axes
 + Level 8.3 Maces & Flails
 + Level 8.3 Polearms
 + Level 8.3 Staves
 + Level 8.3 Ranged Weapons
 + Level 8.3 Throwing
 + Level 8.3 Armour
 + Level 8.3 Dodging
 + Level 8.3 Stealth
 + Level 8.3 Shields
 + Level 9.6 Unarmed Combat
 + Level 8.3 Spellcasting
 + Level 6.9 Conjurations
 + Level 6.9 Hexes
 + Level 6.9 Summonings
 + Level 6.9 Necromancy
 + Level 6.9 Translocations
 + Level 6.9 Transmutations
 + Level 6.9 Fire Magic
 + Level 6.9 Ice Magic
 + Level 6.9 Air Magic
 + Level 6.9 Earth Magic
 + Level 6.9 Poison Magic
 + Level 9.1 Invocations
 + Level 9.6 Evocations


You had 26 spell levels left.
You knew the following spells:

 Your Spells              Type           Power      Damage    Failure   Level
a - Cigotuvi's Dreadful   Necr/Pois/Air  46%        N/A       8%          2

Your spell library contained the following spells:

 Spells                   Type           Power      Damage    Failure   Level
 Kiss of Death            Conj/Necr      92%        2d12      5%          1
 Ensorcelled Hibernation  Hex/Ice        46%        N/A       8%          2
 Passwall                 Tmut/Erth      19%        N/A       8%          2
 Poisonous Vapours        Pois/Air       46%        N/A       8%          2
 Confusing Touch          Hex            23%        N/A       16%         3
 Inner Flame              Hex/Fire       23%        N/A       16%         3
 Swiftness                Air            23%        N/A       16%         3
 Cause Fear               Hex            11%        N/A       45%         4
 Dispel Undead            Necr           23%        3d12      45%         4
 Discord                  Hex            11%        N/A       100%        8


Dungeon Overview and Level Annotations

Branches:
Dungeon (10/15)            Temple (1/1) D:5            Lair (2/5) D:9
  Snake (0/4) Lair:2
  Swamp: Lair:2-3    Shoals: Lair:2-3       Orc: D:9-12

Altars:
Ashenzari
Cheibriados
Dithmenos
Elyvilon
Fedhas
Gozag
Hepliaklqana
Kikubaaqudgha
Makhleb
Nemelex Xobeh
Okawaru
Qazlal
Ru
Sif Muna
Trog
Uskayaw
Vehumet
Wu Jian
Xom
Zin
The Shining One

Shops:
D:3 !   D:5 =[(*

Annotations:
Lair:2 NoOffense's ghost, journeyman FeWn


Innate Abilities, Weirdness & Mutations

You have very sharp teeth.
Your uncanny sense of smell can sniff out nearby items.
Your experience applies equally to all skills.


Message History

NoOffense's ghost is lightly damaged. x2
You completely miss NoOffense's ghost. Your bite misses NoOffense's ghost.
NoOffense's ghost is lightly damaged.
NoOffense's ghost stares at you and mumbles some strange words.
The freezing blast engulfs you!!
You hit NoOffense's ghost but do no damage.
NoOffense's ghost is lightly damaged.
You are engulfed in freezing vapours.
NoOffense's ghost is engulfed in freezing vapours.
NoOffense's ghost closely misses you.
You completely miss NoOffense's ghost. Your bite misses NoOffense's ghost.
NoOffense's ghost is lightly damaged.
You are engulfed in freezing vapours.
NoOffense's ghost is engulfed in freezing vapours.
NoOffense's ghost hits you but does no damage.
You hit NoOffense's ghost.
NoOffense's ghost is moderately damaged.
You are engulfed in freezing vapours.
NoOffense's ghost is engulfed in freezing vapours.
NoOffense's ghost mumbles some strange words.
NoOffense's ghost puts on a burst of speed!
You closely miss NoOffense's ghost.
NoOffense's ghost is moderately damaged.
You are engulfed in freezing vapours.
NoOffense's ghost is engulfed in freezing vapours.
NoOffense's ghost hits you!!
* * * LOW HITPOINT WARNING * * *
You feel much better.
You are engulfed in freezing vapours.
* * * LOW HITPOINT WARNING * * *
NoOffense's ghost is engulfed in freezing vapours.
NoOffense's ghost hits you but does no damage.
Blink to where?
Press: ? - help, Dir - move target Splash!
You fall into the shallow water.
Moving in this stuff is going to be slow.
As you read the scroll of blinking, it crumbles to dust.
NoOffense's ghost is engulfed in freezing vapours.
NoOffense's ghost hits you!
You die...

...................####.....Y.
..............##.†...........
..............#.............
..............##<####...... .
.........#....#...# .... ..
............#.##.## ##.P ...
...........###########..# ....
......(....#.....#°°##..# .....
.....>.....#=~~~@W§.°##.#......
...<.....P.#$....#.○....P......
.........P.#######....#........
............#^.#..#####........
......##.#....#.........#......
~~....###.....##...###.##......
≈~.....##...#.#....# #. ......
#~....PP#...#.##....... ......
≈~..(.PP......~#........ .....


You could see NoOffense's ghost (swift).

Vanquished Creatures
  The ghost of twist the Grappler, a novice TrGl of Ru (Lair:1)
  A centaur warrior (D:8)
  2 two-headed ogres
  Pikel (D:6)
  2 deep elf pyromancers (D:8)
  2 black mambas
  2 cane toads (Lair:2)
  A gargoyle (D:10)
  Maggie (D:9)
  3 komodo dragons
  A troll (D:9)
  2 hornets
  A blink frog (Lair:1)
  2 yaks
  A wraith (D:10)
  2 basilisks
  A vampire mosquito (D:8)
  A steam dragon (D:8)
  3 acid dragons
  3 nagas (Lair:2)
  Duvessa (D:6)
  5 water moccasins
  2 ice beasts
  3 orc warriors
  A black bear (D:9)
  A sky beast (D:8)
  5 ogres
  4 centaurs
  A phantom (D:5)
  A kobold brigand (D:7)
  6 scorpions
  17 bullfrogs
  A gnoll sergeant (D:9)
  3 necrophages
  A water moccasin zombie (D:4)
  20 wights
  Dowan (D:6)
  An electric eel (D:9)
  7 howler monkeys
  2 centaur zombies (D:4)
  3 hounds
  A human zombie (D:4)
  2 jellies
  3 orc priests
  2 gnoll boudas
  5 iguanas
  5 orc wizards
  A scorpion zombie (D:4)
  3 hound zombies (D:4)
  7 gnolls
  9 adders
  A shadow imp (D:8)
  A white imp (D:6)
  An adder zombie (D:4)
  A dart slug (D:1)
  29 orcs
  9 endoplasms
  2 giant cockroaches
  6 goblins
  8 hobgoblins
  7 jackals (D:1)
  3 quokkas
  8 ball pythons
  10 bats
  3 frilled lizards
  9 kobolds
  4 rats
259 creatures vanquished.

Vanquished Creatures (others)
  21 fungi
  25 plants
46 creatures vanquished.

Grand Total: 305 creatures vanquished

Notes
Turn   | Place    | Note
-------+----------+-------------------------------------------
     0 | D:1      | Malachi the Gnoll Wanderer began the quest for the Orb.
     0 | D:1      | Malachi set off with the following items: a +1 short sword,
                  | a scroll of blinking, a potion of might, a scroll of fear,
                  | a +0 leather armour.
     0 | D:1      | Reached XP level 1. HP: 26/26 MP: 1/1
    80 | D:1      | Reached XP level 2. HP: 21/33 MP: 2/2
   632 | D:1      | Found a faded altar of an unknown god.
   645 | D:1      | Reached XP level 3. HP: 38/38 MP: 3/3
  1006 | D:2      | Reached skill level 1 in Invocations
  1106 | D:2      | Reached skill level 1 in Long Blades
  1106 | D:2      | Reached skill level 1 in Axes
  1106 | D:2      | Reached skill level 1 in Maces & Flails
  1106 | D:2      | Reached skill level 1 in Polearms
  1106 | D:2      | Reached skill level 1 in Staves
  1106 | D:2      | Reached skill level 1 in Ranged Weapons
  1106 | D:2      | Reached skill level 1 in Throwing
  1106 | D:2      | Reached skill level 1 in Armour
  1106 | D:2      | Reached skill level 1 in Dodging
  1106 | D:2      | Reached skill level 1 in Stealth
  1106 | D:2      | Reached skill level 1 in Shields
  1106 | D:2      | Reached skill level 1 in Spellcasting
  1313 | D:2      | Reached XP level 4. HP: 40/45 MP: 5/5
  1386 | D:2      | Found a shimmering altar of Xom.
  1478 | D:3      | Found Vumnuamy's Distillery.
  1548 | D:3      | Reached skill level 1 in Conjurations
  1548 | D:3      | Reached skill level 1 in Hexes
  1548 | D:3      | Reached skill level 1 in Summonings
  1548 | D:3      | Reached skill level 1 in Necromancy
  1548 | D:3      | Reached skill level 1 in Translocations
  1548 | D:3      | Reached skill level 1 in Transmutations
  1548 | D:3      | Reached skill level 1 in Fire Magic
  1548 | D:3      | Reached skill level 1 in Ice Magic
  1548 | D:3      | Reached skill level 1 in Air Magic
  1548 | D:3      | Reached skill level 1 in Earth Magic
  1548 | D:3      | Reached skill level 1 in Poison Magic
  1594 | D:3      | Reached XP level 5. HP: 45/51 MP: 7/7
  1930 | D:4      | Noticed an ogre
  1930 | D:4      | Noticed an ogre
  1936 | D:4      | Noticed an ogre
  1949 | D:4      | Found the +6 shillelagh "Devastator" {shatter}
  1977 | D:4      | Killed an ogre
  1978 | D:4      | Reached skill level 5 in Short Blades
  1978 | D:4      | Reached skill level 5 in Unarmed Combat
  1978 | D:4      | Reached skill level 5 in Evocations
  1978 | D:4      | Reached XP level 6. HP: 20/57 MP: 7/9
  2293 | D:4      | Reached XP level 7. HP: 60/63 MP: 10/10
  2601 | D:4      | Reached skill level 9 in Fighting
  3050 | D:4      | Reached XP level 8. HP: 66/71 MP: 12/12
  3062 | D:4      | Found an ancient bone altar of Kikubaaqudgha.
  3423 | D:5      | Entered Level 5 of the Dungeon
  3423 | D:5      | Found Vodivugiwn's Assorted Antiques.
  3583 | D:5      | Bought a scroll of blinking for 180 gold pieces
  3709 | D:5      | Found Peus's Antique Armour Shop.
  3746 | D:5      | Found a staircase to the Ecumenical Temple.
  3904 | D:5      | Found Izxiet's Jewellery Shoppe.
  4167 | D:5      | Found Enyofel's Antique Weapon Boutique.
  4534 | D:6      | Reached skill level 10 in Fighting
  4534 | D:6      | Reached skill level 5 in Long Blades
  4534 | D:6      | Reached skill level 5 in Axes
  4534 | D:6      | Reached skill level 5 in Maces & Flails
  4534 | D:6      | Reached skill level 5 in Polearms
  4534 | D:6      | Reached skill level 5 in Staves
  4534 | D:6      | Reached skill level 5 in Ranged Weapons
  4534 | D:6      | Reached skill level 5 in Throwing
  4534 | D:6      | Reached skill level 5 in Armour
  4534 | D:6      | Reached skill level 5 in Dodging
  4534 | D:6      | Reached skill level 5 in Stealth
  4534 | D:6      | Reached skill level 5 in Shields
  4534 | D:6      | Reached skill level 5 in Spellcasting
  4534 | D:6      | Reached XP level 9. HP: 79/79 MP: 13/17
  4663 | D:6      | Noticed Duvessa
  4666 | D:6      | Noticed Dowan
  4671 | D:6      | Killed Duvessa
  4672 | D:6      | Reached XP level 10. HP: 52/86 MP: 18/18
  4692 | D:6      | Killed Dowan
  4703 | D:6      | Noticed Pikel
  4708 | D:6      | You fall into a shaft and drop 2 floors!
  4757 | D:7      | Identified the +1 leather armour of a Gauntlet {Slay+2
                  | Stlth+}
  4879 | D:7      | Reached skill level 5 in Conjurations
  4879 | D:7      | Reached skill level 5 in Hexes
  4879 | D:7      | Reached skill level 5 in Summonings
  4879 | D:7      | Reached skill level 5 in Necromancy
  4879 | D:7      | Reached skill level 5 in Translocations
  4879 | D:7      | Reached skill level 5 in Transmutations
  4879 | D:7      | Reached skill level 5 in Fire Magic
  4879 | D:7      | Reached skill level 5 in Ice Magic
  4879 | D:7      | Reached skill level 5 in Air Magic
  4879 | D:7      | Reached skill level 5 in Earth Magic
  4879 | D:7      | Reached skill level 5 in Poison Magic
  5045 | D:7      | Identified the +3 leather armour of Theory {rPois}
  5296 | D:7      | Found a snail-covered altar of Cheibriados.
  5522 | D:6      | Killed Pikel
  6289 | D:5      | Bought a spiked chain mail for 152 gold pieces
  6289 | D:5      | Identified the +1 chain mail of Lies {Regen+} (You bought
                  | it in a shop on level 5 of the Dungeon)
  6486 | D:8      | Found a hide-covered altar of Uskayaw.
  6486 | D:8      | Found a shimmering blue altar of Sif Muna.
  6541 | D:8      | Found a large runed translucent door.
  6543 | D:8      | Found a large runed translucent door.
  6544 | D:8      | Noticed a centaur warrior
  6544 | D:8      | Noticed a deep elf pyromancer
  6649 | D:8      | Found a large runed translucent door.
  6649 | D:8      | Found a large runed translucent door.
  6681 | D:8      | Noticed a two-headed ogre
  6683 | D:8      | Noticed a deep elf pyromancer
  6685 | D:8      | Killed a two-headed ogre
  6686 | D:8      | Reached XP level 11. HP: 74/92 MP: 20/20
  6687 | D:8      | Killed a deep elf pyromancer
  6984 | Temple   | Entered the Ecumenical Temple
  7248 | D:7      | Became a worshipper of Cheibriados the Contemplative
  7311 | D:8      | Killed a centaur warrior
  7312 | D:8      | Killed a deep elf pyromancer
  7752 | D:9      | Reached skill level 11 in Fighting
  7873 | D:9      | Reached * piety under Cheibriados
  7958 | D:9      | Found a staircase to the Lair.
  8045 | D:9      | Paralysed by a gnoll for 5 turns
  8222 | D:9      | Noticed Maggie
  8232 | D:9      | Killed Maggie
  8283 | D:9      | Noticed a two-headed ogre
  8289 | D:9      | Killed a two-headed ogre
  8417 | D:9      | Reached ** piety under Cheibriados
  8726 | D:10     | Entered Level 10 of the Dungeon
  8912 | D:10     | Found a stormy altar of Qazlal.
  9387 | Lair:1   | Entered Level 1 of the Lair of Beasts
  9676 | Lair:1   | Found a runed translucent gate.
  9676 | Lair:1   | Found a runed translucent gate.
  9679 | Lair:1   | Found a runed translucent gate.
  9679 | Lair:1   | Noticed twist's ghost (novice TrGl)
  9823 | Lair:1   | Reached XP level 12. HP: 89/91 MP: 23/23
  9829 | Lair:1   | Reached *** piety under Cheibriados
 10333 | Lair:1   | Killed twist's ghost
 10350 | Lair:1   | Reached XP level 13. HP: 107/107 MP: 23/25
 10600 | Lair:2   | Identified the +1 chain mail of Tiotyn {+Blink rElec
                  | Regen+}
 10637 | Lair:2   | Found a staircase to the Snake Pit.
 10720 | Lair:2   | Learned a level 2 spell: Cigotuvi's Dreadful Rot
 10804 | Lair:2   | Found a runed translucent door.
 10804 | Lair:2   | Noticed NoOffense's ghost (journeyman FeWn)
 10828 | Lair:2   | Slain by NoOffense's ghost

Illustrated notes

Levels and vault maps discovered:
D:1:      dpeg_arrival_shelter, layout_basic,
          shapermc_ecumenical_altar_mp_ritualfount, reono_crystal_passage,
          nrook_loot_triangle
D:2:      layout_loops_ring, basic_altar
D:3:      layout_basic, serial_shops, nicolae_shop_behind_doors
D:4:      layout_basic, lemuel_mausoleum_altar_kikubaaqudgha,
          hangedman_abyss_or_decor_stagger, dilly_guarded_unrand_devastator
D:5:      layout_cave_pods, minmay_temple_entry_mist, serial_shops,
          nicolae_lakefront_shop, nicolae_shop_competitors_out_of_business,
          nicolae_take_the_stairs, nicolae_shop_waterfront
D:6:      layout_loops_corners, minmay_misc_feat_more_columns,
          kennysheep_flooded_box, kennysheep_path_1, grunt_ministairs_8,
          kennysheep_opposing_triangles, uniq_pikel, uniq_duvessa
D:7:      layout_rooms, mainiacjoe_overflow_surrounded_room,
          chequers_serial_rivers_room_a, grunt_tough_drop
D:8:      layout_basic, dk_yredelemnul_ordeal, gammafunk_temple_overflow_pools,
          minmay_misc_feat_cross, dreamdust_princess_corridor,
          minmay_hollow_rounded_squares
D:9:      layout_irregular_city, grunt_lair_entry_orc_guard_hut,
          kennysheep_generic_room_16, uniq_maggie
D:10:     layout_roguey, nicolae_qazlal_style_of_elements,
          corexii_leaking_fountain
Temple:   nicolae_temple_superstar
Lair:1:   layout_loops_ring, gammafunk_ghost_split
Lair:2:   layout_gridlike, guppyfry_snake_entry_island,
          ebering_ghost_reflecting_pool, serial_bayou_pond_e

Skill      XL: |  1  2  3  4  5  6  7  8  9 10 11 12 |
---------------+-------------------------------------+-----
Invocations    | 1 2 3 6 7 8 9 |  9.1
Long Blades    | 1 2 3 5 6 7 8 |  8.3
Axes           | 1 2 3 5 6 7 8 |  8.3
Maces & Flails | 1 2 3 5 6 7 8 |  8.3
Polearms       | 1 2 3 5 6 7 8 |  8.3
Staves         | 1 2 3 5 6 7 8 |  8.3
Ranged Weapons | 1 2 3 5 6 7 8 |  8.3
Throwing       | 1 2 3 5 6 7 8 |  8.3
Armour         | 1 2 3 5 6 7 8 |  8.3
Dodging        | 1 2 3 5 6 7 8 |  8.3
Stealth        | 1 2 3 5 6 7 8 |  8.3
Shields        | 1 2 3 5 6 7 8 |  8.3
Spellcasting   | 1 2 3 5 6 7 8 |  8.3
Conjurations   | 1 2 4 5 6 |  6.9
Hexes          | 1 2 4 5 6 |  6.9
Summonings     | 1 2 4 5 6 |  6.9
Necromancy     | 1 2 4 5 6 |  6.9
Translocations | 1 2 4 5 6 |  6.9
Transmutations | 1 2 4 5 6 |  6.9
Fire Magic     | 1 2 4 5 6 |  6.9
Ice Magic      | 1 2 4 5 6 |  6.9
Air Magic      | 1 2 4 5 6 |  6.9
Earth Magic    | 1 2 4 5 6 |  6.9
Poison Magic   | 1 2 4 5 6 |  6.9
Short Blades   | 5 7 8 9 |  9.6
Unarmed Combat | 5 7 8 9 |  9.6
Evocations     | 5 7 8 9 |  9.6
Fighting       | 9 10 11 | 11.8

Action                   |  1- 3 |  4- 6 |  7- 9 | 10-12 | 13-15 || total
-------------------------+-------+-------+-------+-------+-------++-------
Melee: Short sword       |   102 |     1 |       |       |       ||   103
       Punch             |     8 |       |     3 |    11 |       ||    22
       Bite              |     8 |       |    11 |    38 |     5 ||    62
       Shillelagh        |       |       |    81 |   311 |    44 ||   436
 Fire: Sling             |    46 |   162 |    28 |       |       ||   236
 Cast: Cigotuvi's Dreadf |       |       |       |       |     1 ||     1
  Use: Scroll            |       |     8 |     4 |    11 |     4 ||    27
       Potion            |       |       |     1 |     4 |     2 ||     7
 Stab: Sleeping          |     2 |       |     1 |     5 |       ||     8
       Distracted        |       |       |       |     1 |       ||     1
Armor: Leather armour    |    35 |    19 |    19 |     9 |       ||    82
       Ring mail         |       |       |    12 |     2 |       ||    14
       Chain mail        |       |       |       |   128 |    18 ||   146
Dodge: Dodged            |    68 |    56 |    79 |   185 |    22 ||   410
       Repelled          |       |       |       |     1 |     1 ||     2

Table legend: (Time is in decaauts)
 A = Elapsed time spent in this place.
 B = Non-inter-level travel time spent in this place.
 C = Inter-level travel time spent in this place.
 D = Time resting spent in this place.
 E = Time spent auto-exploring this place.
 F = Levels seen in this place.
 G = Mean time per level.
                   A        B        C        D        E       F      G
               +--------+--------+--------+--------+--------+-----+--------+
         Total |  11963 |  11196 |    767 |   1367 |   7379 |  13 |  920.2 |
       Dungeon |   9901 |   9173 |    728 |    913 |   6177 |  10 |  990.1 |
        Temple |    152 |    144 |      8 |      0 |     73 |   1 |  152.0 |
          Lair |   1909 |   1879 |     30 |    454 |   1128 |   2 |  954.5 |
               +--------+--------+--------+--------+--------+-----+--------+

Top non-repeatable levels by time:
  Lair:1: 1595 daAuts
     D:4: 1518 daAuts
     D:9: 1475 daAuts
     D:6: 1386 daAuts
     D:1: 974 daAuts
     D:5: 961 daAuts
    D:10: 899 daAuts
     D:8: 879 daAuts
     D:7: 810 daAuts
     D:3: 513 daAuts
     D:2: 482 daAuts
  Lair:2: 313 daAuts
  Temple: 152 daAuts
